 Dungeon Crawl Stone Soup version 0.28-a0-245-g639a1a48b9 (webtiles) character file.

Game seed: 3713120185370435358

42 robertstho the Magician (level 3, -1/26 HPs)
             Began as a Djinni Fire Elementalist on Aug 24, 2021.
             Slain by a shadow imp (5 damage)
             ... summoned by Natasha
             ... on level 2 of the Dungeon.
             The game lasted 00:01:52 (1700 turns).

robertstho the Magician (Djinni Fire Elementalist)  Turns: 1700, Time: 00:01:52

Health: -1/26      AC:  2    Str:  7    XL:     3   Next: 80%
Gold:   39         EV: 12    Int: 17    God:
                   SH:  0    Dex: 13

rFire   + + .      SeeInvis .   d - +1 dagger (venom)
rCold   x . .      Faith    .   (no shield)
rNeg    . . .      Spirit   .   a - +0 robe
rPois   ∞          Reflect  .   (no helmet)
rElec   .          Harm     .   (no cloak)
rCorr   .          Rampage  .   (no gloves)
Will    .....                   (boots unavailable)
Stlth   ++........              (no amulet)
HPRegen 0.08/turn               (no ring)
MPRegen 0.00/turn               (no ring)

@: flying, very slightly contaminated, invisible
A: sickness immunity, fire resistance 2, cold vulnerability 1, float, innate
caster, hp casting, extra vitality 1
a: no special abilities


You were on level 2 of the Dungeon.
You visited 1 branch of the dungeon, and saw 2 of its levels.

You collected 39 gold pieces.

Inventory:

Hand Weapons
 d - a +1 dagger of venom (weapon)
Missiles
 h - 42 stones
Armour
 a - a +0 robe (worn)
Scrolls
 b - a scroll of enchant armour {unknown}
 c - a scroll of teleportation {unknown}
Potions
 e - a potion of might {unknown}
 g - a potion of mutation {unknown}
 i - a potion of brilliance {unknown}


   Skills:
 * Level 0.9 Fighting
 + Level 2.2 Dodging
 + Level 1.8 Stealth
 * Level 3.2 Spellcasting


You couldn't memorise any spells.
You knew the following spells:

 Your Spells              Type           Power      Damage    Failure   Level
a - Foxfire               Conj/Fire      52%        2x1d6     4%          1
b - Conjure Flame         Conj/Fire      13%        6-21      14%         3
c - Inner Flame           Hex/Fire       13%        N/A       14%         3
d - Sticky Flame          Conj/Fire      13%        2d4       41%         4
e - Fireball              Conj/Fire      6%         3d5       77%         5
f - Sandblast             Erth           26%        2d8       4%          1
Your spell library was empty.

Dungeon Overview and Level Annotations

Branches:
Dungeon (2/15)

Altars:

Annotations:
D:2 Natasha


Innate Abilities, Weirdness & Mutations

You are immune to sickness and miasma.
You are immune to poison.
Your flesh is very heat resistant. (rF++)
You are vulnerable to cold. (rC-)
You float through the air rather than walking.
You learn spells naturally, not from books.
Your magical power is your life essence.
You have superior vitality. (+4 HP)


Message History

The shadow imp hits you.
Unknown command.
Casting: Foxfire (safe; 4% risk of failure)
Press: ? - help, Q - select action, (/) - cycle Dir - look around, f - activate
There is not enough space to conjure foxfire!
Unknown command.
Your foxfire dissipates!
The foxfire hits the shadow imp.
The shadow imp is severely wounded.
The foxfire hits the shadow imp.
The shadow imp is almost dead.
The foxfire hits the shadow imp but does no damage.
The shadow imp is almost dead.
The shadow imp gestures at you. Pain shoots through your body!
Ouch! That really hurt!
* * * LOW HITPOINT WARNING * * *
Casting: Foxfire (safe; 4% risk of failure)
Press: ? - help, Q - select action, (/) - cycle Dir - look around, f - activate You conjure some foxfire!
* * * LOW HITPOINT WARNING * * *
Unknown command.
The foxfire hits the quokka.
The quokka is severely wounded.
The foxfire hits the quokka.
You kill the quokka!
Found a scroll labelled QUX FOGUBI.
It was a potion of invisibility.
You fade into invisibility!
The shadow imp gestures at you. Pain shoots through your body!
* * * LOW HITPOINT WARNING * * *
You are very lightly contaminated with residual magic.
Unknown command.
You aren't carrying any items that you can evoke.
As you read the scroll labelled UHAUWO PIECREXAATH, it crumbles to dust.
It is a scroll of amnesia.
You feel forgetful for a moment. Natasha claws you but does no damage.
The shadow imp hits you.
You die...

.P..... ....
.PP...P##### ##.#
.....P...#.# #..# .
P...P...P#.#
##.#§..#
.PPP...P.#.#
##..#.###
.......##..###.....#
.....P.#.........###
##.#...5h#...#
#....#.@...#.#
##............. .
##......##...#.#
##.###....>.......?.
.............#......
..#.##..............
#........#.....###
###............#
.......<.......


You could see Natasha and a shadow imp (summoned).

Vanquished Creatures
  A gnoll (D:1)
  3 ball pythons (D:1)
  5 bats (D:1)
  An endoplasm (D:1)
  2 giant cockroaches
  4 goblins (D:1)
  5 hobgoblins (D:1)
  3 quokkas
  A frilled lizard (D:1)
  2 kobolds (D:1)
  3 rats (D:1)
30 creatures vanquished.

Vanquished Creatures (others)
  113 foxfires
113 creatures vanquished.

Grand Total: 143 creatures vanquished

Notes
Turn   | Place    | Note
-------+----------+-------------------------------------------
     0 | D:1      | robertstho the Djinni Fire Elementalist began the quest for
                  | the Orb.
     0 | D:1      | Reached XP level 1. HP: 15/15 MP: 0/0
   450 | D:1      | Reached XP level 2. HP: 19/22 MP: 0/0
   950 | D:1      | Reached skill level 3 in Spellcasting
   950 | D:1      | Reached XP level 3. HP: 22/26 MP: 0/0
   950 | D:1      | Learned a level 1 spell: Sandblast
  1686 | D:2      | Noticed Natasha
  1700 | D:2      | Slain by a shadow imp

Illustrated notes

Levels and vault maps discovered:
D:1:      minmay_arrival_widening_spiral_wide, layout_rooms, st_stairs_13
D:2:      layout_rooms, shapermc_ecumenical_altar_gd, uniq_terence, uniq_natasha

Skill      XL: |  1  2 |
---------------+-------+-----
Spellcasting   | 3 |  3.2
Fighting       | |  0.9
Dodging        | |  2.2
Stealth        | |  1.8

Action                   || total
-------------------------++-------
Melee: Dagger            ||     3
 Cast: Foxfire           ||    70
  Use: Scroll            ||     1
       Potion            ||     1
Armor: Robe              ||     5
Dodge: Dodged            ||    11

Table legend: (Time is in decaauts)
 A = Elapsed time spent in this place.
 B = Non-inter-level travel time spent in this place.
 C = Inter-level travel time spent in this place.
 D = Time resting spent in this place.
 E = Time spent auto-exploring this place.
 F = Levels seen in this place.
 G = Mean time per level.
                   A        B        C        D        E       F      G
               +--------+--------+--------+--------+--------+-----+--------+
         Total |   1699 |   1644 |     55 |      0 |   1452 |   2 |  849.5 |
       Dungeon |   1699 |   1644 |     55 |      0 |   1452 |   2 |  849.5 |
               +--------+--------+--------+--------+--------+-----+--------+

Top non-repeatable levels by time:
     D:1: 1633 daAuts
     D:2: 65 daAuts
